AoeStats
← Tonyshark

MegaRandom

509193411Analyzed
3v3 RM · 7d ago on Sep 25, 2026· 79m 16s· 6 players
Game mode
Random Map
Map size
Normal (6 player)
Population
200
Speed
Normal
Resources
Standard
Victory
Conquest
Starting age
Dark Age
Ending age
Imperial Age
RankedLock teamsTeams togetherTeam positionsShared explorationLock speedFull tech treeHidden civsTurbo modeCheats
Victory
Defeat
🇪🇸 Sicilians · Spain
721
+7
🇹🇷 Goths · Türkiye
637
+10
🇲🇽 Khmer · Mexico
610
+11
🇮🇹 Slavs · Italy
607
-13
🇮🇹 Poles · Italy
466
-8
🇮🇹 Khmer · Italy
432
-7
JCarlos9910
1:00 Loom
14:44 Feudal Age
15:23 Double-Bit Axe
20:06 Wheelbarrow
19:25 Horse Collar
21:02 Town Watch
33:03 Castle Age
31:49 Stone Mining
35:55 Hand Cart
35:40 Town Patrol
36:57 Bow Saw
44:15 Imperial Age
41:14 Light Cavalry
48:06 Ballistics
48:49 Chemistry
49:08 Stone Shaft Mining
48:24 Gold Mining
65:35 Hussar
76:24 Gold Shaft Mining
75:56 Heavy Plow
Tribamell
10:47 Feudal Age
11:24 Double-Bit Axe
11:20 Horse Collar
17:23 Castle Age
17:18 Loom
17:48 Forging
17:38 Scale Mail Armor
17:29 Fletching
20:05 Iron Casting
19:46 Chain Mail Armor
20:47 Arson
21:03 Squires
20:48 Gambesons
23:15 Bow Saw
23:07 Heavy Plow
23:59 Gold Mining
24:07 Stone Mining
29:42 Chain Mail Armor
29:23 Bodkin Arrow
31:49 Wheelbarrow
31:00 Town Watch
33:20 Hand Cart
33:05 Town Patrol
33:08 Pikeman
38:25 Imperial Age
40:38 Chemistry
39:59 Ballistics
39:24 Arrowslits
39:35 Murder Holes
40:12 Plate Mail Armor
40:42 Blast Furnace
42:52 Bracer
43:56 Stone Shaft Mining
43:57 Gold Shaft Mining
43:26 Caravan
43:41 Guilds
45:29 Elite Serjeant
46:30 Conscription
46:25 Masonry
48:04 Hoardings
48:04 Halberdier
64:10 Coinage
65:37 Banking
gokhandg100
13:55 Feudal Age
22:31 Scale Mail Armor
25:32 Castle Age
29:26 Pikeman
34:23 Horse Collar
34:30 Double-Bit Axe
40:09 Forging
42:49 Wheelbarrow
47:10 Imperial Age
45:24 Chain Mail Armor
46:30 Heavy Plow
46:44 Bow Saw
48:02 Iron Casting
48:39 Hand Cart
48:38 Squires
50:06 Two-Man Saw
55:41 Blast Furnace
56:19 Capped Ram
61:38 Halberdier
65:20 Scale Barding Armor
65:31 Elite Huskarl
75:39 Chain Barding Armor
78:30 Elite Huskarl
78:36 Elite Huskarl
Avalkyr
11:45 Feudal Age
12:09 Horse Collar
12:19 Double-Bit Axe
14:05 Gold Mining
19:02 Castle Age
17:05 Man-at-Arms
17:58 Forging
19:16 Scale Mail Armor
20:31 Bow Saw
20:15 Stone Mining
19:51 Long Swordsman
21:56 Iron Casting
22:07 Chain Mail Armor
29:14 Wheelbarrow
30:46 Squires
31:21 Hand Cart
30:52 Loom
30:53 Town Watch
31:55 Detinets
38:37 Gold Shaft Mining
45:23 Imperial Age
45:27 Scale Barding Armor
45:58 Fortified Wall
45:59 Masonry
45:45 Murder Holes
45:41 Two-Handed Swordsman
46:45 Conscription
46:20 Elite Boyar
47:42 Chain Barding Armor
49:52 Blast Furnace
49:07 Bloodlines
48:58 Husbandry
49:46 Druzhina
49:25 Champion
52:19 Plate Mail Armor
59:53 Plate Barding Armor
Tonyshark
10:02 Feudal Age
10:33 Double-Bit Axe
14:33 Wheelbarrow
21:01 Castle Age
19:52 Horse Collar
20:30 Gold Mining
20:33 Stone Mining
21:03 Elite Skirmisher
26:34 Hand Cart
29:34 Herbal Medicine
31:19 Gold Shaft Mining
31:33 Stone Shaft Mining
32:50 Loom
32:52 Town Watch
32:58 Town Watch
33:05 Town Watch
34:48 Ballistics
35:09 Tusk Swords
40:44 Imperial Age
40:54 Imperial Age
38:10 Loom
38:10 Town Watch
43:38 Chemistry
43:08 Heated Shot
44:10 Town Patrol
45:23 Double Crossbow
46:34 Conscription
47:16 Heavy Scorpion
50:41 Elite Ballista Elephant
Jokerblak3
12:53 Feudal Age
11:10 Loom
13:19 Horse Collar
13:27 Double-Bit Axe
14:54 Wheelbarrow
15:57 Town Watch
22:11 Forging
22:02 Scale Mail Armor
22:05 Padded Archer Armor
21:55 Fletching
24:26 Castle Age
23:08 Stone Mining
23:12 Gold Mining
24:36 Scale Barding Armor
25:20 Heavy Plow
25:38 Bow Saw
25:48 Hand Cart
26:17 Stone Shaft Mining
26:45 Coinage
28:03 Caravan
28:43 Iron Casting
28:42 Chain Mail Armor
29:11 Town Patrol
38:24 Imperial Age
36:43 Szlachta Privileges
40:40 Leather Archer Armor
40:46 Chain Barding Armor
40:21 Bodkin Arrow
45:23 Arson
45:39 Squires
45:00 Pikeman
45:01 Man-at-Arms
45:51 Elite Obuch
46:53 Lechitic Legacy
48:08 Chemistry
52:53 Bloodlines
52:04 Light Cavalry
57:28 Winged Hussar
Connection lost

Rejoining the realm…

Still unreachable

The connection could not be restored.

Session expired

The server has moved on; the page needs a fresh start.